 Dungeon Crawl Stone Soup version 0.29-a0-542-g075992c915 (webtiles) character file.

Game seed: 1685505264510992053

37 spaghetti the Grave Robber (level 3, -1/35 HPs)
             Began as an Ogre Necromancer on June 5, 2022.
             Slain by Robin
             ... wielding a +0 dagger
              (3 damage)
             ... on level 2 of the Dungeon.
             The game lasted 00:02:12 (1639 turns).

spaghetti the Grave Robber (Ogre Necromancer)       Turns: 1639, Time: 00:02:12

Health: -1/35      AC:  3    Str: 11 (12) XL:     3   Next: 41%
Magic:  0/7        EV:  9    Int: 16 (18) God:
Gold:   47         SH:  0    Dex:  6 (9)  Spells: 4/8 levels left

rFire   . . .      SeeInvis .   c - +0 dagger {short}
rCold   . . .      Faith    .   (no shield)
rNeg    . . .      Spirit   .   a - +0 robe
rPois   .          Reflect  .   (helmet restricted)
rElec   .          Harm     .   (no cloak)
rCorr   .          Rampage  .   (gloves unavailable)
Will    .....                   (boots unavailable)
Stlth   +.........              (no amulet)
HPRegen 0.11/turn               (no ring)
MPRegen 0.10/turn               (no ring)

@: no status effects
A: large, unfitting armour, tough skin 1
a: no special abilities


You were on level 2 of the Dungeon.
You visited 1 branch of the dungeon, and saw 2 of its levels.

You collected 47 gold pieces.


Innate Abilities, Weirdness & Mutations

You are too large for most types of armour.
You have tough skin. (AC +1)


   Skills:
 + Level 2.0 Fighting
 - Level 1.7 Dodging
 - Level 1.4 Stealth
 + Level 0.5 Shields
 + Level 3.1 Spellcasting
 + Level 3.9 Necromancy


You had 4 spell levels left.
You knew the following spells:

 Your Spells              Type           Power      Damage    Failure   Level
a - Necrotize             Necr           60%        1d7       3%          1
b - Vampiric Draining     Necr           15%        2d7       11%         3

Your spell library contained the following spells:

 Spells                   Type           Power      Damage    Failure   Level
 Animate Dead             Necr           15%        N/A       34%         4
 Agony                    Necr           15%        N/A       69%         5
 Chain Lightning          Conj/Air       1%         3d1       100%        9
 Fire Storm               Conj/Fire      1%         7d1       100%        9
 Shatter                  Erth           1%         3d5*      100%        9

Inventory:

Hand Weapons
 c - a +0 dagger (weapon) {short}
   (You took it off a kobold on level 1 of the Dungeon)
 d - a +0 short sword {short}
   (You found it on level 1 of the Dungeon)
Missiles
 b - 7 stones {throwing}
 g - 4 poisoned darts {throwing}
Armour
 a - a +0 robe (worn)
 i - a +0 tower shield
   (You found it on level 1 of the Dungeon)
Jewellery
 k - a ring of see invisible
   (You found it on level 1 of the Dungeon)
Scrolls
 e - a scroll of teleportation {unknown}
 j - a scroll of enchant weapon
Potions
 f - a potion of degeneration {!q@e2}

Dungeon Overview and Level Annotations

Branches:
Dungeon (2/15)

Altars:

Annotations:
D:2 Robin

#.# #.#.######
#.# #.#.#....#
#.####.#.#.#.##
#.#........#.#
#.#.##.#.#...#
#.#.##.#.#.###
#.#......#.#
#.##.#g#.##.###.#
.>...#@#..#.# #.#
#gZgZ...###.#
#..#........#
#.......#####
#...###.#
#...#<..# #
#.....###
#.#...#.#
##+#.....#.#


You could see Robin (ally target), 2 goblins, a friendly goblin skeleton and a
friendly hobgoblin skeleton.


Message History

😮 MP[-1]
You lost 1 mp, and now have 2/7 mp.
Casting: Necrotize (safe; 3% risk of failure)
Confirm with . or Enter, or press ? or * to list all spells.
Aiming: Necrotize (safe; 3% risk of failure)
Press: ? - help, Shift-Dir - straight line, f/p - hobgoblin
Aim: a hobgoblin (strong, chance to affect: 87%)
The hobgoblin writhes in agony.
The hobgoblin hits you.
* * * LOW HITPOINT WARNING * * *
😨 HP[-4] MP[-1]
You take 4 damage, and now have 17/35 hp.
You lost 1 mp, and now have 1/7 mp.
Casting: Necrotize (safe; 3% risk of failure)
Confirm with . or Enter, or press ? or * to list all spells.
Aiming: Necrotize (safe; 3% risk of failure)
Press: ? - help, Shift-Dir - straight line, f/p - hobgoblin
Aim: a hobgoblin (almost dead, strong, ally target, chance to affect: 87%)
The hobgoblin writhes in agony.
You kill the hobgoblin!
The dead are walking!
A goblin comes into view. It is wielding a +0 dagger.
Casting: Necrotize (safe; 3% risk of failure)
Confirm with . or Enter, or press ? or * to list all spells.
Aiming: Necrotize (safe; 3% risk of failure)
Press: ? - help, Shift-Dir - straight line, f - goblin
Aim: a goblin, wielding a +0 club (strong, ally target, chance to affect: 87%)
The goblin writhes in agony!
You kill the goblin!
The dead are walking!
Robin throws the goblin at you!
* * * LOW HITPOINT WARNING * * *
😨 HP[-3] MP[-1]
You take 3 damage, and now have 14/35 hp.
You lost 1 mp, and now have 0/7 mp.
Casting: Necrotize (safe; 3% risk of failure)
Confirm with . or Enter, or press ? or * to list all spells.
You don't have enough magic to cast this spell.
Casting: Necrotize (safe; 3% risk of failure)
Confirm with . or Enter, or press ? or * to list all spells.
You don't have enough magic to cast this spell.
Casting: Necrotize (safe; 3% risk of failure)
Confirm with . or Enter, or press ? or * to list all spells.
You don't have enough magic to cast this spell.
You miss the goblin.
Robin barely misses your goblin skeleton.
The goblin barely misses you.
You completely miss the goblin.
Your goblin skeleton hits Robin but does no damage.
Robin throws the goblin at you! The goblin hits you with a +0 dagger.
* * * LOW HITPOINT WARNING * * *
😨 HP[-2]
You take 2 damage, and now have 12/35 hp.
You closely miss the goblin.
Your goblin skeleton hits Robin but does no damage.
The goblin closely misses you. The goblin barely misses you.
Robin hits your goblin skeleton with a +0 dagger.
You hit the goblin.
Your goblin skeleton barely misses the goblin.
Your goblin skeleton hits Robin but does no damage.
The goblin barely misses you. x2
Robin hits your goblin skeleton with a +0 dagger.
Your goblin skeleton is destroyed!
You hit the goblin.
Your goblin skeleton hits the goblin.
The goblin hits you with a +0 dagger.
* * * LOW HITPOINT WARNING * * *
The goblin hits you but does no damage. 😨 HP[-2]
You take 2 damage, and now have 10/35 hp.
Unknown command.
It was a potion of degeneration.
There was something very wrong with that liquid.
You feel weakened.
You feel dopey.
You feel clumsy.
The goblin no longer looks unusually strong.
The goblin barely misses you.
Your goblin skeleton barely misses the goblin.
The goblin hits you with a +0 dagger.
* * * LOW HITPOINT WARNING * * *
😱 HP[-2]
You take 2 damage, and now have 8/35 hp.
Unknown command.
Unknown command.
Unknown command.
You closely miss the goblin.
The goblin no longer looks unusually strong.
The goblin hits you with a +0 dagger.
* * * LOW HITPOINT WARNING * * *
The goblin hits you but does no damage. Robin hits you with a +0 dagger.
* * * LOW HITPOINT WARNING * * *
😱 HP[-3]
You take 3 damage, and now have 5/35 hp.
Unknown command.
Unknown command.
As you read the scroll labelled REVINIM XEEKI, it crumbles to dust.
It is a scroll of identify.
j - a scroll of enchant weapon Your goblin skeleton hits the goblin.
The goblin hits you with a +0 dagger.
* * * LOW HITPOINT WARNING * * *
The goblin hits you with a +0 dagger.
* * * LOW HITPOINT WARNING * * *
Robin hits you with a +0 dagger.
You die...

Skill      XL: |  1  2  3 |
---------------+----------+-----
Fighting       | 1 2 |  2.0
Spellcasting   | 3 |  3.1
Dodging        | |  1.7
Stealth        | |  1.4
Shields        | |  0.5
Necromancy     | |  3.9

Action                   || total
-------------------------++-------
Melee: Dagger            ||    56
 Cast: Necrotize         ||    32
  Use: Potion            ||     2
       Scroll            ||     1
Armor: Robe              ||    20
Dodge: Dodged            ||    49

Levels and vault maps discovered:
D:1:      mrwooster_arrival_statue_2, layout_loops_ring,
          shapermc_ecumenical_altar_flowoftime, minmay_statues_item
D:2:      layout_basic, uniq_natasha, uniq_robin

Notes
Turn   | Place    | Note
-------+----------+-------------------------------------------
     0 | D:1      | spaghetti the Ogre Necromancer began the quest for the Orb.
     0 | D:1      | Reached XP level 1. HP: 16/16 MP: 3/3
     0 | D:1      | magus.rc [v1.9.6]
   158 | D:1      | Reached skill level 1 in Fighting
   184 | D:1      | Reached XP level 2. HP: 27/27 MP: 0/5
   201 | D:1      | You pick up a book of Annihilations and begin reading...
   201 | D:1      | You add the spells Chain Lightning, Fire Storm and Shatter
                  | to your library.
   512 | D:1      | Found a faded altar of an unknown god.
  1398 | D:2      | Reached skill level 3 in Spellcasting
  1398 | D:2      | Reached XP level 3. HP: 17/35 MP: 0/7
  1561 | D:2      | Learned a level 3 spell: Vampiric Draining
  1619 | D:2      | Noticed Robin
  1628 | D:2      | Reached skill level 2 in Fighting
  1637 | D:2      | HP: 8/35 [goblin/+0 dagger[Robin] (2)]
  1639 | D:2      | HP: 2/35 [goblin/+0 dagger[Robin] (2)]
  1639 | D:2      | Slain by Robin

Vanquished Creatures
  A bat (D:1)
  4 endoplasms (D:1)
  A giant cockroach (D:1)
  3 goblins (D:2)
  3 hobgoblins
  2 quokkas (D:1)
  3 ball pythons (D:1)
  A frilled lizard (D:2)
  3 kobolds (D:1)
  3 rats (D:1)
24 creatures vanquished.

Vanquished Creatures (collateral kills)
  An adder (D:2)
  A bat (D:1)
2 creatures vanquished.

Vanquished Creatures (others)
  3 plants (D:1)
  8 withered plants (D:1)
11 creatures vanquished.

Grand Total: 37 creatures vanquished

Table legend:
 A = Non-vault XP
 B = Vault XP
 C = Vault XP percentage of total XP
 D = Non-vault monster count
 E = Vault monster count
 F = Vault count percentage of total count
                 A         B        C        D         E       F
            +---------+---------+-------+---------+---------+-------
      Total |      46 |       8 |  14.8 |      22 |       4 |  15.4
            +---------+---------+-------+---------+---------+-------
        D:1 |      30 |       0 |   0.0 |      19 |       0 |   0.0
        D:2 |      16 |       8 |  33.3 |       3 |       4 |  57.1
            +---------+---------+-------+---------+---------+-------

Illustrated notes

Table legend:
 A = Kills in this place as a percentage of kills in entire the game.
 B = Kills by you in this place as a percentage of kills by you in the entire game.
 C = Kills by friends in this place as a percentage of kills by friends in the entire game.
 D = Other kills in this place as a percentage of other kills in the entire game.
 E = Experience gained in this place as a percentage of experience gained in the entire game.
 F = Experience gained in this place divided by the number of levels of this place that you have seen.
                   A       B       C       D       E      F
               +-------+-------+-------+-------+-------+----------------------
         Total | 100.0 | 100.0 | 100.0 |   N/A | 100.0 |  27.0
       Dungeon | 100.0 | 100.0 | 100.0 |   N/A | 100.0 |  27.0
               +-------+-------+-------+-------+-------+----------------------

Table legend: (Time is in decaauts)
 A = Elapsed time spent in this place.
 B = Non-inter-level travel time spent in this place.
 C = Inter-level travel time spent in this place.
 D = Time resting spent in this place.
 E = Time spent auto-exploring this place.
 F = Levels seen in this place.
 G = Mean time per level.
                   A        B        C        D        E       F      G
               +--------+--------+--------+--------+--------+-----+--------+
         Total |   1638 |   1613 |     25 |    332 |   1094 |   2 |  819.0 |
       Dungeon |   1638 |   1613 |     25 |    332 |   1094 |   2 |  819.0 |
               +--------+--------+--------+--------+--------+-----+--------+

Top non-repeatable levels by time:
     D:1: 1339 daAuts
     D:2: 298 daAuts
